Wild vs BlackHawks

Created - 1 décembre 2018 at 05:55

Goals
1 2 3 OT1 T
Wild 1 1 1 0 3
BlackHawks 2 1 0 1 4
Shots
1 2 3 OT1 T
Wild 10 9 9 3 31
BlackHawks 16 11 10 2 39

1st period

1. Wild , Mark Pysyk 3 (Derick Brassard 7, Bobby Ryan 7) at 0:17
2. BlackHawks , Blake Comeau 9 (Anze Kopitar 15, Alex Biega 5) at 4:53
3. BlackHawks , Blake Comeau 10 (Shea Weber 12) at 17:25

Penalties :
Josh Gorges (MIN) for Cross-checking (Minor) at 14:01

2nd period

4. Wild , Tanner Pearson 5 (Adam Cracknell 3) at 1:28
5. BlackHawks , Alex Galchenyuk 6 (Anze Kopitar 16, Dion Phaneuf 4) at 13:02 (PP)

Penalties :
Dion Phaneuf (CHI) for Tripping (Minor) at 5:57, Trevor Lewis (MIN) for Roughing (Minor) at 5:57, Andreas Borgman (MIN) for Roughing (Minor) at 9:29, Tyler Bozak (MIN) for Interference (Minor) at 12:54

3rd period

6. Wild , Adam Cracknell 4 (Tanner Pearson 2, Christian Dvorak 10) at 18:21 (PP)

Penalties :
Radim Vrbata (CHI) for Goalie Interference (Minor) at 8:05, Corey Perry (CHI) for Interference (Minor) at 16:51

Overtime #1

7. BlackHawks , Anze Kopitar 10 (Shea Weber 13, Sidney Crosby 17) at 1:42

Penalties :
No Penalty

Goalie Stats

James Reimer (MIN), 35 saves from 39 shots - (0.897), OTL, 4-10-6, 61:43 minutes
Carey Price (CHI), 28 saves from 31 shots - (0.903), W, 11-5-2, 61:43 minutes

Players Stats for Wild

Player Name              G  A  P  +/- PIM S  H  SB GA TA FO     MP     PP MP  PK MP  
------------------------------------------------------------------------------------
Adam Cracknell           1  1  2   1  0   3  1  0  0  0  0/3    18:23   1:37   0:39 
Andreas Borgman          0  0  0  -2  2   0  4  1  0  0  0/0    16:50   0:11   0:06 
Bobby Ryan               0  1  1   1  0   1  1  0  0  0  0/0    17:19   1:52   0:00 
Christian Dvorak         0  1  1   0  0   5  1  0  0  0  15/27  22:24   1:26   2:31 
Christian Fischer        0  0  0  -1  0   1  0  0  0  0  0/1     4:30   0:00   0:00 
Derick Brassard          0  1  1  -1  0   7  0  0  0  0  19/34  25:05   1:52   2:37 
Henrik Sedin             0  0  0  -1  0   1  0  1  0  0  2/6     6:59   0:00   1:07 
Ian Cole                 0  0  0   0  0   2  2  0  0  0  0/0    24:41   1:07   2:20 
Jason Pominville         0  0  0  -1  0   2  0  0  0  0  0/0    14:33   0:11   0:00 
Jason Spezza             0  0  0   1  0   1  0  0  0  0  0/0    17:58   1:52   0:39 
Josh Gorges              0  0  0   1  2   2  2  1  0  0  0/0    18:57   2:11   1:01 
Mark Pysyk               1  0  1   1  0   1  0  1  0  0  0/0    24:28   1:07   1:54 
Patrik Nemeth            0  0  0   1  0   0  2  1  0  0  0/0    20:12   2:11   2:15 
Ryan Callahan            0  0  0   0  0   0  0  0  0  0  0/0     1:52   0:11   0:00 
Tanner Pearson           1  1  2   1  0   1  1  0  0  0  0/0    17:33   1:26   0:00 
Trevor Lewis             0  0  0  -1  2   3  2  1  0  0  0/0    14:27   0:00   0:06 
Tyler Bozak              0  0  0  -1  2   1  1  1  0  0  11/22  16:33   0:00   0:50 
Yannick Weber            0  0  0  -2  0   0  0  1  0  0  0/0    16:16   0:11   0:19 

Players Stats for BlackHawks

Player Name              G  A  P  +/- PIM S  H  SB GA TA FO     MP     PP MP  PK MP  
------------------------------------------------------------------------------------
Alex Biega               0  1  1   1  0   0  0  1  0  0  0/0    13:18   0:00   0:32 
Alex Galchenyuk          1  0  1  -1  0   3  2  0  0  0  0/0    17:28   2:00   0:37 
Andrew Copp              0  0  0   0  0   3  3  0  0  0  0/0    12:23   0:00   1:00 
Anze Kopitar             1  2  3   2  0   6  0  0  0  0  13/21  24:19   2:00   1:53 
Blake Comeau             2  0  2   1  0   2  1  0  0  0  2/4    19:42   2:06   0:00 
Boone Jenner             0  0  0   1  0   4  1  0  0  0  1/4    21:10   2:06   0:36 
Chris Tierney            0  0  0   0  0   1  0  1  0  0  5/11    6:36   0:00   0:00 
Corey Perry              0  0  0  -1  2   2  2  0  0  0  1/1    16:50   2:00   0:00 
Darnell Nurse            0  0  0  -1  0   5  1  1  0  0  0/0    21:51   2:03   1:37 
Dion Phaneuf             0  1  1   0  2   0  4  0  0  0  0/0    24:45   2:03   1:38 
Jay Beagle               0  0  0   0  0   0  2  0  0  0  2/2     6:36   0:00   0:00 
Johnny Oduya             0  0  0   1  0   0  0  0  0  0  0/0    13:35   0:00   0:00 
Karl Alzner              0  0  0  -1  0   2  2  3  0  0  0/0    21:51   2:03   1:37 
Radim Vrbata             0  0  0   0  2   3  2  0  0  0  0/1    11:22   0:00   0:00 
Ryan OReilly             0  0  0   0  0   5  1  0  0  0  9/18   12:51   0:00   0:36 
Scott Laughton           0  0  0   0  0   0  1  0  0  0  0/0     6:36   0:00   0:00 
Shea Weber               0  2  2   1  0   1  4  1  0  0  0/0    26:22   2:03   1:34 
Sidney Crosby            0  1  1   0  0   2  3  1  0  0  13/31  22:03   2:06   2:16 

3 Stars

1 - Anze Kopitar (CHI)
2 - Blake Comeau (CHI)
3 - Shea Weber (CHI)

Power Play

Wild - 1 on 2 Attempt(s) - 50.00%
BlackHawks - 1 on 3 Attempt(s) - 33.33%

Penalty Kill

Wild - 2 on 3 Attempt(s) - 66.67% - Score 0 goal in Penalty Kill
BlackHawks - 1 on 2 Attempt(s) - 50.00% - Score 0 goal in Penalty Kill

Team Stat

Wild - Hits : 17 - Faceoff Wins : 47 - Blocked Shots : 8 - Penalty Minutes : 8
BlackHawks - Hits : 29 - Faceoff Wins : 46 - Blocked Shots : 8 - Penalty Minutes : 6

Official

Referees : Dennis LaRue and Brad Watson
Linesman : Pierre Racicot and Derek Nansen

Game Notes

No Game Note

Finance

Level 1 -- Attendance: 6199 (95.37%) -- Ticket Income 681 890 $
Level 2 -- Attendance: 4946 (98.92%) -- Ticket Income 370 950 $
Level 3 -- Attendance: 3140 (89.71%) -- Ticket Income 175 840 $
Level 4 -- Attendance: 2636 (70.92%) -- Ticket Income 105 440 $
Luxury Box -- Attendance: 923 (92.30%) -- Ticket Income 183 677 $
Game was played at the United Center.
Total Attendance: 17844 (90.50%)
Total Ticket Income: 1 517 797 $
Other Income: 743 721 $
Total Income: 2 261 518 $

% Time on Ice - Wild

Lines # - Real PCT - Wanted PCT - Time Play
Normal Forward
1 - 31% - 40% - 15:27
2 - 32% - 30% - 16:07
3 - 28% - 20% - 14:22
4 - 9% - 10% - 4:30
Normal Defense
1 - 36% - 40% - 18:24
2 - 29% - 30% - 14:35
3 - 31% - 20% - 15:46
4 - 3% - 10% - 1:41
PP Forward
1 - 59% - 60% - 2:03
2 - 41% - 40% - 1:26
PP Defense
1 - 37% - 60% - 1:18
2 - 63% - 40% - 2:11
PK Forward
1 - 73% - 60% - 2:59
2 - 27% - 40% - 1:07
PK Defense
1 - 38% - 60% - 1:34
2 - 62% - 40% - 2:32
PK3 Forward
1 - 0% - 60%
2 - 0% - 40%
PK3 Defense
1 - 0% - 60%
2 - 0% - 40%
44 Forward
1 - 60% - 60% - 1:11
2 - 40% - 40% - 0:48
44 Defense
1 - 40% - 60% - 0:48
2 - 60% - 40% - 1:11
Last Minute Offensive  - 0:00
Last Minute Defensive  - 0:00
Total
Forward - 60:00
Defense - 60:00

% Time on Ice - BlackHawks

Lines # - Real PCT - Wanted PCT - Time Play
Normal Forward
1 - 35% - 37% - 17:36
2 - 29% - 33% - 14:51
3 - 23% - 20% - 11:23
4 - 13% - 10% - 6:36
Normal Defense
1 - 38% - 40% - 19:06
2 - 34% - 30% - 17:01
3 - 25% - 20% - 12:46
4 - 3% - 10% - 1:33
PP Forward
1 - 51% - 60% - 2:06
2 - 49% - 40% - 2:00
PP Defense
1 - 50% - 60% - 2:03
2 - 50% - 40% - 2:03
PK Forward
1 - 83% - 60% - 2:53
2 - 17% - 40% - 0:36
PK Defense
1 - 54% - 60% - 1:52
2 - 46% - 40% - 1:37
PK3 Forward
1 - 0% - 60%
2 - 0% - 40%
PK3 Defense
1 - 0% - 60%
2 - 0% - 40%
44 Forward
1 - 78% - 60% - 1:33
2 - 22% - 40% - 0:26
44 Defense
1 - 41% - 60% - 0:49
2 - 59% - 40% - 1:10
Last Minute Offensive  - 0:00
Last Minute Defensive  - 0:00
Total
Forward - 60:00
Defense - 60:00

Play-by-Play

1st period


0:01 of 1st period - Anze Kopitar wins face-off versus Derick Brassard in neutral zone.
0:15 of 1st period - Shot by Derick Brassard.
0:15 of 1st period - Shot Misses the Net.
0:17 of 1st period - Shot by Mark Pysyk.
0:17 of 1st period - Goal by Mark Pysyk - Wild : 1 - BlackHawks : 0.
0:18 of 1st period - Christian Dvorak wins face-off versus Sidney Crosby in neutral zone.
0:28 of 1st period - Alex Galchenyuk is hit by Patrik Nemeth and loses puck.
0:35 of 1st period - Shot by Corey Perry.
0:35 of 1st period - Stopped by James Reimer with a rebound.
1:18 of 1st period - Radim Vrbata is hit by Patrik Nemeth.
1:28 of 1st period - Shot by Andrew Copp.
1:28 of 1st period - Stopped by James Reimer with a rebound.
1:30 of 1st period - Shot by Andrew Copp.
1:30 of 1st period - Stopped by James Reimer without a rebound.
1:31 of 1st period - Derick Brassard wins face-off versus Anze Kopitar in Wild zone.
1:41 of 1st period - Icing by Bobby Ryan.
1:42 of 1st period - Derick Brassard wins face-off versus Chris Tierney in Wild zone.
1:42 of 1st period - Derick Brassard is hit by Scott Laughton.
1:45 of 1st period - Bobby Ryan is hit by Jay Beagle.
2:27 of 1st period - Off-side.
2:28 of 1st period - Tyler Bozak wins face-off versus Anze Kopitar in neutral zone.
2:35 of 1st period - Shot by Trevor Lewis.
2:35 of 1st period - Deflect By Jason Pominville.
2:35 of 1st period - Shot Misses the Net.
3:25 of 1st period - Off-side.
3:26 of 1st period - Christian Dvorak wins face-off versus Ryan OReilly in neutral zone.
3:59 of 1st period - Tanner Pearson is hit by Dion Phaneuf and loses puck.
4:41 of 1st period - Shot by Jason Spezza.
4:41 of 1st period - Stopped by Carey Price without a rebound.
4:42 of 1st period - Anze Kopitar wins face-off versus Henrik Sedin in BlackHawks zone.
4:53 of 1st period - Shot by Blake Comeau.
4:53 of 1st period - Goal by Blake Comeau - Wild : 1 - BlackHawks : 1.
4:54 of 1st period - Jay Beagle wins face-off versus Tyler Bozak in neutral zone.
4:54 of 1st period - Scott Laughton is hit by Trevor Lewis and loses puck.
5:14 of 1st period - Shot by Trevor Lewis.
5:14 of 1st period - Stopped by Carey Price without a rebound.
5:15 of 1st period - Blake Comeau wins face-off versus Derick Brassard in BlackHawks zone.
5:55 of 1st period - Anze Kopitar is hit by Andreas Borgman and loses puck.
6:30 of 1st period - Shot by Corey Perry.
6:30 of 1st period - Shot Misses the Net.
7:11 of 1st period - Icing by Darnell Nurse.
7:12 of 1st period - Henrik Sedin wins face-off versus Sidney Crosby in BlackHawks zone.
8:04 of 1st period - Shot by Ryan OReilly.
8:04 of 1st period - Shot Blocked by Josh Gorges.
8:06 of 1st period - Shot by Andrew Copp.
8:06 of 1st period - Stopped by James Reimer with a rebound.
9:44 of 1st period - Shot by Andrew Copp.
9:44 of 1st period - Deflect By Ryan OReilly.
9:44 of 1st period - Shot Misses the Net.
9:46 of 1st period - Shot by Darnell Nurse.
9:46 of 1st period - Shot Blocked by Trevor Lewis.
9:48 of 1st period - Shot by Ryan OReilly.
9:48 of 1st period - Shot Misses the Net.
9:50 of 1st period - Shot by Radim Vrbata.
9:50 of 1st period - Stopped by James Reimer without a rebound.
9:51 of 1st period - Tyler Bozak wins face-off versus Sidney Crosby in Wild zone.
9:51 of 1st period - Tyler Bozak is hit by Alex Galchenyuk.
9:57 of 1st period - Shot by Trevor Lewis.
9:57 of 1st period - Shot Misses the Net.
10:11 of 1st period - Shot by Alex Galchenyuk.
10:11 of 1st period - Shot Misses the Net.
10:13 of 1st period - Shot by Darnell Nurse.
10:13 of 1st period - Shot Misses the Net.
11:32 of 1st period - Shot by Blake Comeau.
11:32 of 1st period - Deflect By Anze Kopitar.
11:32 of 1st period - Shot Misses the Net.
11:34 of 1st period - Shot by Shea Weber.
11:34 of 1st period - Shot Blocked by Tyler Bozak.
12:12 of 1st period - Scott Laughton is hit by Andreas Borgman.
12:42 of 1st period - Shot by Alex Galchenyuk.
12:42 of 1st period - Stopped by James Reimer without a rebound.
12:43 of 1st period - Ryan OReilly wins face-off versus Derick Brassard in Wild zone.
13:08 of 1st period - Shot by Derick Brassard.
13:08 of 1st period - Stopped by Carey Price with a rebound.
13:15 of 1st period - Icing by Dion Phaneuf.
13:16 of 1st period - Ryan OReilly wins face-off versus Christian Dvorak in BlackHawks zone.
13:35 of 1st period - Shot by Anze Kopitar.
13:35 of 1st period - Stopped by James Reimer without a rebound.
13:36 of 1st period - Anze Kopitar wins face-off versus Henrik Sedin in Wild zone.
13:51 of 1st period - Shot by Henrik Sedin.
13:51 of 1st period - Stopped by Carey Price without a rebound.
13:52 of 1st period - Sidney Crosby wins face-off versus Christian Dvorak in BlackHawks zone.
13:52 of 1st period - Darnell Nurse is hit by Adam Cracknell and loses puck.
14:00 of 1st period - Alex Galchenyuk is hit by Josh Gorges and loses puck.
14:01 of 1st period - Minor Penalty to Josh Gorges for Cross-checking.
14:02 of 1st period - Sidney Crosby wins face-off versus Derick Brassard in Wild zone.
14:03 of 1st period - Shot by Darnell Nurse.
14:03 of 1st period - Stopped by James Reimer with a rebound.
14:05 of 1st period - Shot by Darnell Nurse.
14:05 of 1st period - Stopped by James Reimer without a rebound.
14:06 of 1st period - Derick Brassard wins face-off versus Sidney Crosby in Wild zone.
14:37 of 1st period - Shot by Darnell Nurse.
14:37 of 1st period - Stopped by James Reimer with a rebound.
14:39 of 1st period - Shot by Boone Jenner.
14:39 of 1st period - Shot Misses the Net.
14:41 of 1st period - Shot by Karl Alzner.
14:41 of 1st period - Shot Misses the Net.
14:43 of 1st period - Shot by Karl Alzner.
14:43 of 1st period - Stopped by James Reimer without a rebound.
14:44 of 1st period - Derick Brassard wins face-off versus Anze Kopitar in Wild zone.
14:55 of 1st period - Shot by Shea Weber.
14:55 of 1st period - Shot Misses the Net.
15:17 of 1st period - Shot by Adam Cracknell.
15:17 of 1st period - Shot Misses the Net.
15:37 of 1st period - Shot by Derick Brassard.
15:37 of 1st period - Stopped by Carey Price without a rebound.
15:38 of 1st period - Boone Jenner wins face-off versus Adam Cracknell in BlackHawks zone.
15:52 of 1st period - Shot by Sidney Crosby.
15:52 of 1st period - Shot Misses the Net.
15:54 of 1st period - Shot by Karl Alzner.
15:54 of 1st period - Stopped by James Reimer without a rebound.
15:55 of 1st period - Sidney Crosby wins face-off versus Christian Dvorak in Wild zone.
16:02 of 1st period - Shot by Ryan OReilly.
16:02 of 1st period - Stopped by James Reimer without a rebound.
16:03 of 1st period - Ryan OReilly wins face-off versus Adam Cracknell in Wild zone.
16:03 of 1st period - Ryan OReilly is hit by Ian Cole.
16:23 of 1st period - Shot by Adam Cracknell.
16:23 of 1st period - Deflect By Christian Dvorak.
16:23 of 1st period - Stopped by Carey Price with a rebound.
16:25 of 1st period - Shot by Tanner Pearson.
16:25 of 1st period - Shot Misses the Net.
16:27 of 1st period - Shot by Christian Dvorak.
16:27 of 1st period - Shot Misses the Net.
16:29 of 1st period - Shot by Mark Pysyk.
16:29 of 1st period - Shot Misses the Net.
16:59 of 1st period - Shot by Derick Brassard.
16:59 of 1st period - Stopped by Carey Price with a rebound.
17:25 of 1st period - Shot by Blake Comeau.
17:25 of 1st period - Goal by Blake Comeau - Wild : 1 - BlackHawks : 2.
17:26 of 1st period - Tyler Bozak wins face-off versus Sidney Crosby in neutral zone.
17:26 of 1st period - Trevor Lewis is hit by Corey Perry and loses puck.
17:30 of 1st period - Yannick Weber is hit by Karl Alzner and loses puck.
17:51 of 1st period - Shot by Trevor Lewis.
17:51 of 1st period - Stopped by Carey Price without a rebound.
17:52 of 1st period - Christian Dvorak wins face-off versus Chris Tierney in BlackHawks zone.
18:13 of 1st period - Shot by Tanner Pearson.
18:13 of 1st period - Shot Misses the Net.
18:15 of 1st period - Shot by Mark Pysyk.
18:15 of 1st period - Shot Blocked by Alex Biega.
18:17 of 1st period - Shot by Christian Dvorak.
18:17 of 1st period - Stopped by Carey Price without a rebound.
18:18 of 1st period - Derick Brassard wins face-off versus Boone Jenner in BlackHawks zone.
18:34 of 1st period - Blake Comeau is hit by Josh Gorges.
18:59 of 1st period - Shot by Boone Jenner.
18:59 of 1st period - Stopped by James Reimer without a rebound.
19:00 of 1st period - Christian Dvorak wins face-off versus Sidney Crosby in Wild zone.
19:07 of 1st period - Shot by Christian Dvorak.
19:07 of 1st period - Shot Misses the Net.
19:09 of 1st period - Shot by Adam Cracknell.
19:09 of 1st period - Shot Misses the Net.
19:57 of 1st period - Icing by Trevor Lewis.
19:58 of 1st period - Tyler Bozak wins face-off versus Blake Comeau in Wild zone.
Goals for this period are 1 for Wild vs 2 for BlackHawks.
Shots for this period are 10 for Wild vs 16 for BlackHawks.

2nd period


0:01 of 2nd period - Anze Kopitar wins face-off versus Derick Brassard in neutral zone.
0:08 of 2nd period - Bobby Ryan is hit by Blake Comeau and loses puck.
1:02 of 2nd period - Icing by Josh Gorges.
1:03 of 2nd period - Christian Dvorak wins face-off versus Sidney Crosby in Wild zone.
1:28 of 2nd period - Shot by Tanner Pearson.
1:28 of 2nd period - Goal by Tanner Pearson - Wild : 2 - BlackHawks : 2.
1:29 of 2nd period - Ryan OReilly wins face-off versus Tyler Bozak in neutral zone.
1:34 of 2nd period - Shot by Radim Vrbata.
1:34 of 2nd period - Stopped by James Reimer without a rebound.
1:35 of 2nd period - Ryan OReilly wins face-off versus Christian Fischer in Wild zone.
1:38 of 2nd period - Shot by Ryan OReilly.
1:38 of 2nd period - Stopped by James Reimer with a rebound.
1:48 of 2nd period - Shot by Christian Fischer.
1:48 of 2nd period - Shot Misses the Net.
1:50 of 2nd period - Shot by Derick Brassard.
1:50 of 2nd period - Stopped by Carey Price without a rebound.
1:51 of 2nd period - Christian Dvorak wins face-off versus Sidney Crosby in BlackHawks zone.
1:51 of 2nd period - Tanner Pearson is hit by Shea Weber.
1:56 of 2nd period - Tanner Pearson is hit by Shea Weber and loses puck.
2:00 of 2nd period - Icing by Dion Phaneuf.
2:01 of 2nd period - Derick Brassard wins face-off versus Sidney Crosby in BlackHawks zone.
2:01 of 2nd period - Bobby Ryan is hit by Shea Weber and loses puck.
2:30 of 2nd period - Shot by Corey Perry.
2:30 of 2nd period - Deflect By Sidney Crosby.
2:30 of 2nd period - Shot Blocked by Mark Pysyk.
2:32 of 2nd period - Shot by Corey Perry.
2:32 of 2nd period - Shot Misses the Net.
4:36 of 2nd period - Off-side.
4:37 of 2nd period - Sidney Crosby wins face-off versus Henrik Sedin in neutral zone.
5:19 of 2nd period - Icing by Ian Cole.
5:20 of 2nd period - Henrik Sedin wins face-off versus Ryan OReilly in Wild zone.
5:20 of 2nd period - Henrik Sedin is hit by Radim Vrbata.
5:46 of 2nd period - Shot by Adam Cracknell.
5:46 of 2nd period - Stopped by Carey Price without a rebound.
5:47 of 2nd period - Chris Tierney wins face-off versus Tyler Bozak in BlackHawks zone.
5:47 of 2nd period - Chris Tierney is hit by Trevor Lewis.
5:50 of 2nd period - Icing by Shea Weber.
5:51 of 2nd period - Chris Tierney wins face-off versus Tyler Bozak in BlackHawks zone.
5:57 of 2nd period - Minor Penalty to Dion Phaneuf for Tripping.
5:57 of 2nd period - Minor Penalty to Trevor Lewis for Roughing.
5:58 of 2nd period - Sidney Crosby wins face-off versus Derick Brassard in BlackHawks zone.
6:11 of 2nd period - Christian Dvorak is hit by Shea Weber and loses puck.
6:20 of 2nd period - Shot by Josh Gorges.
6:20 of 2nd period - Stopped by Carey Price without a rebound.
6:21 of 2nd period - Derick Brassard wins face-off versus Sidney Crosby in BlackHawks zone.
6:36 of 2nd period - Shot by Christian Dvorak.
6:36 of 2nd period - Shot Blocked by Darnell Nurse.
6:38 of 2nd period - Shot by Christian Dvorak.
6:38 of 2nd period - Stopped by Carey Price with a rebound.
6:54 of 2nd period - Shot by Sidney Crosby.
6:54 of 2nd period - Shot Blocked by Andreas Borgman.
7:10 of 2nd period - Josh Gorges is hit by Sidney Crosby.
7:16 of 2nd period - Shot by Tyler Bozak.
7:16 of 2nd period - Shot Misses the Net.
9:02 of 2nd period - Shot by Radim Vrbata.
9:02 of 2nd period - Shot Misses the Net.
9:04 of 2nd period - Shot by Ryan OReilly.
9:04 of 2nd period - Stopped by James Reimer with a rebound.
9:12 of 2nd period - Shot by Radim Vrbata.
9:12 of 2nd period - Stopped by James Reimer without a rebound.
9:13 of 2nd period - Anze Kopitar wins face-off versus Christian Dvorak in Wild zone.
9:27 of 2nd period - Blake Comeau is hit by Andreas Borgman and loses puck.
9:29 of 2nd period - Minor Penalty to Andreas Borgman for Roughing.
9:30 of 2nd period - Derick Brassard wins face-off versus Boone Jenner in Wild zone.
9:30 of 2nd period - Derick Brassard is hit by Boone Jenner.
9:52 of 2nd period - Shot by Shea Weber.
9:52 of 2nd period - Stopped by James Reimer without a rebound.
9:53 of 2nd period - Derick Brassard wins face-off versus Anze Kopitar in Wild zone.
9:53 of 2nd period - Christian Dvorak is hit by Alex Galchenyuk.
10:19 of 2nd period - Shot by Anze Kopitar.
10:19 of 2nd period - Stopped by James Reimer without a rebound.
10:20 of 2nd period - Sidney Crosby wins face-off versus Tyler Bozak in Wild zone.
10:52 of 2nd period - Shot by Shea Weber.
10:52 of 2nd period - Shot Misses the Net.
10:57 of 2nd period - Off-side.
10:58 of 2nd period - Tyler Bozak wins face-off versus Anze Kopitar in neutral zone.
11:02 of 2nd period - Henrik Sedin is hit by Karl Alzner and loses puck.
11:15 of 2nd period - Shot by Corey Perry.
11:15 of 2nd period - Shot Misses the Net.
11:35 of 2nd period - Shot by Ryan OReilly.
11:35 of 2nd period - Stopped by James Reimer without a rebound.
11:36 of 2nd period - Christian Dvorak wins face-off versus Radim Vrbata in Wild zone.
11:36 of 2nd period - Christian Dvorak is hit by Andrew Copp.
11:39 of 2nd period - Icing by Tanner Pearson.
11:40 of 2nd period - Christian Dvorak wins face-off versus Ryan OReilly in Wild zone.
11:40 of 2nd period - Christian Dvorak is hit by Radim Vrbata.
11:51 of 2nd period - Christian Dvorak is hit by Dion Phaneuf and loses puck.
12:10 of 2nd period - Shot by Christian Dvorak.
12:10 of 2nd period - Deflect By Adam Cracknell.
12:10 of 2nd period - Stopped by Carey Price without a rebound.
12:11 of 2nd period - Derick Brassard wins face-off versus Blake Comeau in BlackHawks zone.
12:47 of 2nd period - Shot by Anze Kopitar.
12:47 of 2nd period - Stopped by James Reimer without a rebound.
12:48 of 2nd period - Sidney Crosby wins face-off versus Tyler Bozak in Wild zone.
12:54 of 2nd period - Minor Penalty to Tyler Bozak for Interference.
12:55 of 2nd period - Anze Kopitar wins face-off versus Derick Brassard in Wild zone.
13:02 of 2nd period - Shot by Anze Kopitar.
13:02 of 2nd period - Deflect By Alex Galchenyuk.
13:02 of 2nd period - Goal by Alex Galchenyuk - Wild : 2 - BlackHawks : 3.
13:03 of 2nd period - Christian Dvorak wins face-off versus Sidney Crosby in neutral zone.
13:03 of 2nd period - Tanner Pearson is hit by Sidney Crosby and loses puck.
13:15 of 2nd period - Icing by Christian Dvorak.
13:16 of 2nd period - Anze Kopitar wins face-off versus Christian Dvorak in Wild zone.
13:34 of 2nd period - Boone Jenner is hit by Ian Cole and loses puck.
13:57 of 2nd period - Shot by Boone Jenner.
13:57 of 2nd period - Stopped by James Reimer without a rebound.
13:58 of 2nd period - Derick Brassard wins face-off versus Sidney Crosby in Wild zone.
14:25 of 2nd period - Icing by Patrik Nemeth.
14:26 of 2nd period - Derick Brassard wins face-off versus Ryan OReilly in Wild zone.
14:41 of 2nd period - Shot by Derick Brassard.
14:41 of 2nd period - Stopped by Carey Price without a rebound.
14:42 of 2nd period - Tyler Bozak wins face-off versus Anze Kopitar in BlackHawks zone.
15:01 of 2nd period - Shot by Trevor Lewis.
15:01 of 2nd period - Stopped by Carey Price without a rebound.
15:02 of 2nd period - Christian Dvorak wins face-off versus Sidney Crosby in BlackHawks zone.
15:09 of 2nd period - Shot by Christian Dvorak.
15:09 of 2nd period - Stopped by Carey Price without a rebound.
15:10 of 2nd period - Derick Brassard wins face-off versus Sidney Crosby in BlackHawks zone.
16:16 of 2nd period - Off-side.
16:17 of 2nd period - Tyler Bozak wins face-off versus Chris Tierney in neutral zone.
16:25 of 2nd period - Andreas Borgman is hit by Jay Beagle and loses puck.
16:43 of 2nd period - Icing by Jay Beagle.
16:44 of 2nd period - Chris Tierney wins face-off versus Christian Dvorak in BlackHawks zone.
18:03 of 2nd period - Karl Alzner is hit by Bobby Ryan and loses puck.
18:23 of 2nd period - Icing by Darnell Nurse.
18:24 of 2nd period - Blake Comeau wins face-off versus Tyler Bozak in BlackHawks zone.
18:37 of 2nd period - Corey Perry is hit by Tyler Bozak and loses puck.
18:43 of 2nd period - Dion Phaneuf is hit by Andreas Borgman and loses puck.
18:55 of 2nd period - Tyler Bozak is hit by Dion Phaneuf and loses puck.
19:21 of 2nd period - Icing by Andreas Borgman.
19:22 of 2nd period - Tyler Bozak wins face-off versus Ryan OReilly in Wild zone.
19:22 of 2nd period - Tyler Bozak is hit by Andrew Copp.
19:25 of 2nd period - Jason Pominville is hit by Ryan OReilly and loses puck.
19:32 of 2nd period - Shot by Ryan OReilly.
19:32 of 2nd period - Shot Misses the Net.
19:36 of 2nd period - Shot by Ryan OReilly.
19:36 of 2nd period - Stopped by James Reimer without a rebound.
19:37 of 2nd period - Derick Brassard wins face-off versus Chris Tierney in Wild zone.
19:45 of 2nd period - Icing by Chris Tierney.
19:46 of 2nd period - Derick Brassard wins face-off versus Chris Tierney in BlackHawks zone.
19:47 of 2nd period - Shot by Jason Spezza.
19:47 of 2nd period - Shot Blocked by Chris Tierney.
19:52 of 2nd period - Icing by Chris Tierney.
19:53 of 2nd period - Chris Tierney wins face-off versus Derick Brassard in BlackHawks zone.
Goals for this period are 1 for Wild vs 1 for BlackHawks.
Shots for this period are 9 for Wild vs 11 for BlackHawks.

3rd period


0:01 of 3rd period - Derick Brassard wins face-off versus Boone Jenner in neutral zone.
0:38 of 3rd period - Off-side.
0:39 of 3rd period - Sidney Crosby wins face-off versus Christian Dvorak in neutral zone.
0:46 of 3rd period - Shot by Sidney Crosby.
0:46 of 3rd period - Stopped by James Reimer without a rebound.
0:47 of 3rd period - Sidney Crosby wins face-off versus Christian Dvorak in Wild zone.
1:08 of 3rd period - Darnell Nurse is hit by Christian Dvorak.
1:18 of 3rd period - Shot by Sidney Crosby.
1:18 of 3rd period - Shot Blocked by Patrik Nemeth.
1:20 of 3rd period - Shot by Corey Perry.
1:20 of 3rd period - Stopped by James Reimer with a rebound.
1:22 of 3rd period - Shot by Darnell Nurse.
1:22 of 3rd period - Stopped by James Reimer with a rebound.
1:27 of 3rd period - Shot by Alex Galchenyuk.
1:27 of 3rd period - Shot Misses the Net.
1:56 of 3rd period - Shot by Anze Kopitar.
1:56 of 3rd period - Shot Misses the Net.
2:21 of 3rd period - Off-side.
2:22 of 3rd period - Derick Brassard wins face-off versus Ryan OReilly in neutral zone.
2:44 of 3rd period - Shot by Derick Brassard.
2:44 of 3rd period - Stopped by Carey Price without a rebound.
2:45 of 3rd period - Sidney Crosby wins face-off versus Tyler Bozak in BlackHawks zone.
3:02 of 3rd period - Shot by Jason Pominville.
3:02 of 3rd period - Stopped by Carey Price with a rebound.
3:08 of 3rd period - Shot by Tyler Bozak.
3:08 of 3rd period - Shot Blocked by Karl Alzner.
3:12 of 3rd period - Shot by Tyler Bozak.
3:12 of 3rd period - Shot Blocked by Karl Alzner.
3:14 of 3rd period - Shot by Trevor Lewis.
3:14 of 3rd period - Shot Blocked by Karl Alzner.
3:31 of 3rd period - Shot by Derick Brassard.
3:31 of 3rd period - Stopped by Carey Price without a rebound.
3:32 of 3rd period - Anze Kopitar wins face-off versus Derick Brassard in BlackHawks zone.
3:36 of 3rd period - Icing by Anze Kopitar.
3:37 of 3rd period - Anze Kopitar wins face-off versus Derick Brassard in BlackHawks zone.
4:07 of 3rd period - Shot by Anze Kopitar.
4:07 of 3rd period - Stopped by James Reimer without a rebound.
4:08 of 3rd period - Tyler Bozak wins face-off versus Ryan OReilly in Wild zone.
5:00 of 3rd period - Shot by Corey Perry.
5:00 of 3rd period - Shot Blocked by Yannick Weber.
5:05 of 3rd period - Icing by Andreas Borgman.
5:06 of 3rd period - Anze Kopitar wins face-off versus Tyler Bozak in Wild zone.
5:07 of 3rd period - Shot by Darnell Nurse.
5:07 of 3rd period - Stopped by James Reimer with a rebound.
5:31 of 3rd period - Shot by Bobby Ryan.
5:31 of 3rd period - Shot Misses the Net.
5:33 of 3rd period - Shot by Ian Cole.
5:33 of 3rd period - Stopped by Carey Price without a rebound.
5:34 of 3rd period - Corey Perry wins face-off versus Christian Dvorak in BlackHawks zone.
5:34 of 3rd period - Corey Perry is hit by Tanner Pearson.
5:43 of 3rd period - Off-side.
5:44 of 3rd period - Jay Beagle wins face-off versus Derick Brassard in neutral zone.
5:59 of 3rd period - Shot by Chris Tierney.
5:59 of 3rd period - Stopped by James Reimer without a rebound.
6:00 of 3rd period - Christian Dvorak wins face-off versus Sidney Crosby in Wild zone.
6:07 of 3rd period - Shot by Tanner Pearson.
6:07 of 3rd period - Shot Misses the Net.
6:09 of 3rd period - Shot by Adam Cracknell.
6:09 of 3rd period - Shot Misses the Net.
7:26 of 3rd period - Shot by Bobby Ryan.
7:26 of 3rd period - Shot Misses the Net.
8:05 of 3rd period - Minor Penalty to Radim Vrbata for Goalie Interference.
8:06 of 3rd period - Christian Dvorak wins face-off versus Sidney Crosby in BlackHawks zone.
8:58 of 3rd period - Shot by Josh Gorges.
8:58 of 3rd period - Stopped by Carey Price without a rebound.
8:59 of 3rd period - Derick Brassard wins face-off versus Ryan OReilly in BlackHawks zone.
9:14 of 3rd period - Shot by Bobby Ryan.
9:14 of 3rd period - Stopped by Carey Price with a rebound.
10:08 of 3rd period - Shot by Tanner Pearson.
10:08 of 3rd period - Shot Misses the Net.
10:37 of 3rd period - Shot by Trevor Lewis.
10:37 of 3rd period - Deflect By Jason Pominville.
10:37 of 3rd period - Stopped by Carey Price without a rebound.
10:38 of 3rd period - Ryan OReilly wins face-off versus Henrik Sedin in BlackHawks zone.
10:43 of 3rd period - Christian Fischer is hit by Andrew Copp and loses puck.
11:33 of 3rd period - Shot by Anze Kopitar.
11:33 of 3rd period - Stopped by James Reimer without a rebound.
11:34 of 3rd period - Christian Dvorak wins face-off versus Sidney Crosby in Wild zone.
11:34 of 3rd period - Christian Dvorak is hit by Corey Perry.
12:51 of 3rd period - Shot by Blake Comeau.
12:51 of 3rd period - Shot Misses the Net.
13:44 of 3rd period - Shot by Derick Brassard.
13:44 of 3rd period - Shot Misses the Net.
14:23 of 3rd period - Shot by Christian Fischer.
14:23 of 3rd period - Stopped by Carey Price without a rebound.
14:24 of 3rd period - Tyler Bozak wins face-off versus Chris Tierney in BlackHawks zone.
15:11 of 3rd period - Icing by Jay Beagle.
15:12 of 3rd period - Chris Tierney wins face-off versus Adam Cracknell in BlackHawks zone.
15:17 of 3rd period - Off-side.
15:18 of 3rd period - Sidney Crosby wins face-off versus Derick Brassard in neutral zone.
15:25 of 3rd period - Shot by Sidney Crosby.
15:25 of 3rd period - Stopped by James Reimer without a rebound.
15:26 of 3rd period - Derick Brassard wins face-off versus Sidney Crosby in Wild zone.
15:26 of 3rd period - Derick Brassard is hit by Sidney Crosby.
15:40 of 3rd period - Shot by Alex Galchenyuk.
15:40 of 3rd period - Stopped by James Reimer without a rebound.
15:41 of 3rd period - Anze Kopitar wins face-off versus Christian Dvorak in Wild zone.
15:42 of 3rd period - Shot by Boone Jenner.
15:42 of 3rd period - Stopped by James Reimer with a rebound.
15:44 of 3rd period - Shot by Boone Jenner.
15:44 of 3rd period - Shot Misses the Net.
16:51 of 3rd period - Minor Penalty to Corey Perry for Interference.
16:52 of 3rd period - Sidney Crosby wins face-off versus Derick Brassard in BlackHawks zone.
17:44 of 3rd period - Off-side.
17:45 of 3rd period - Anze Kopitar wins face-off versus Derick Brassard in neutral zone.
17:53 of 3rd period - Off-side.
17:54 of 3rd period - Sidney Crosby wins face-off versus Christian Dvorak in neutral zone.
18:18 of 3rd period - Tanner Pearson is hit by Darnell Nurse and loses puck.
18:21 of 3rd period - Shot by Adam Cracknell.
18:21 of 3rd period - Goal by Adam Cracknell - Wild : 3 - BlackHawks : 3.
18:22 of 3rd period - Ryan OReilly wins face-off versus Tyler Bozak in neutral zone.
18:44 of 3rd period - Icing by Dion Phaneuf.
18:45 of 3rd period - Ryan OReilly wins face-off versus Derick Brassard in BlackHawks zone.
19:05 of 3rd period - Bobby Ryan is hit by Dion Phaneuf and loses puck.
Goals for this period are 1 for Wild vs 0 for BlackHawks.
Shots for this period are 9 for Wild vs 10 for BlackHawks.

Overtime #1


0:01 of 1st overtime period - Christian Dvorak wins face-off versus Anze Kopitar in neutral zone.
0:04 of 1st overtime period - Shot by Ian Cole.
0:04 of 1st overtime period - Stopped by Carey Price with a rebound.
0:06 of 1st overtime period - Shot by Christian Dvorak.
0:06 of 1st overtime period - Stopped by Carey Price without a rebound.
0:07 of 1st overtime period - Christian Dvorak wins face-off versus Anze Kopitar in BlackHawks zone.
0:14 of 1st overtime period - Shot by Derick Brassard.
0:14 of 1st overtime period - Shot Misses the Net.
0:18 of 1st overtime period - Shot by Christian Dvorak.
0:18 of 1st overtime period - Shot Blocked by Sidney Crosby.
0:20 of 1st overtime period - Shot by Ian Cole.
0:20 of 1st overtime period - Shot Blocked by Shea Weber.
0:22 of 1st overtime period - Shot by Christian Dvorak.
0:22 of 1st overtime period - Shot Misses the Net.
1:09 of 1st overtime period - Icing by Tyler Bozak.
1:10 of 1st overtime period - Tyler Bozak wins face-off versus Ryan OReilly in Wild zone.
1:21 of 1st overtime period - Shot by Tyler Bozak.
1:21 of 1st overtime period - Stopped by Carey Price without a rebound.
1:22 of 1st overtime period - Ryan OReilly wins face-off versus Tyler Bozak in BlackHawks zone.
1:30 of 1st overtime period - Shot by Boone Jenner.
1:30 of 1st overtime period - Shot Blocked by Henrik Sedin.
1:32 of 1st overtime period - Shot by Boone Jenner.
1:32 of 1st overtime period - Stopped by James Reimer without a rebound.
1:33 of 1st overtime period - Anze Kopitar wins face-off versus Christian Dvorak in Wild zone.
1:42 of 1st overtime period - Shot by Anze Kopitar.
1:42 of 1st overtime period - Goal by Anze Kopitar - Wild : 3 - BlackHawks : 4.
Goals for this period are 0 for Wild vs 1 for BlackHawks.
Shots for this period are 3 for Wild vs 2 for BlackHawks.